 Dungeon Crawl Stone Soup version 0.27.1-4-g1640c2035a (webtiles) character file.

Game seed: 11499472062639268735

1850 Crownlay the Cleaver (level 8, -5/74 HPs)
             Began as a Minotaur Gladiator on Oct 31, 2021.
             Was a Priest of Elyvilon.
             Slain by an eight-headed hydra (11 damage)
             ... on level 6 of the Dungeon.
             The game lasted 00:19:31 (6284 turns).

Crownlay the Cleaver (Minotaur Gladiator)           Turns: 6284, Time: 00:19:32

Health: -5/74      AC:  7    Str: 20    XL:     8   Next: 88%
Magic:  6/7        EV: 12    Int:  5    God:    Elyvilon [***...]
Gold:   122        SH:  0    Dex: 19    Spells: 7/7 levels left

rFire    x . .     SeeInvis .   n - +2 hand axe (flame)
rCold    + . .     Faith    +   (no shield)
rNeg     . . .     Spirit   .   h - +0 scale mail
rPois    .         Reflect  .   c - +0 hat
rElec    .         Harm     .   C - +0 cloak
rCorr    .         Rampage  .   (no gloves)
Will     .....                  (no boots)
Stlth    ..........             A - amulet of faith
HPRegen  0.22/turn              k - +6 ring of dexterity
MPRegen  0.10/turn              p - ring of ice

@: no status effects
A: horns 2, retaliatory headbutt
a: Renounce Religion, Lesser Healing, Heal Other, Purification, Divine
Protection


You were on level 6 of the Dungeon.
You worshipped Elyvilon.
Elyvilon was most pleased with you.
You visited 1 branch of the dungeon, and saw 6 of its levels.

You collected 398 gold pieces.
You spent 276 gold pieces at shops.

Inventory:

Hand Weapons
 a - a +0 trident
 m - a +4 hand axe of electrocution
 n - a +2 hand axe of flaming (weapon)
 s - the +8 battleaxe of Gluttony {drain, Fly rF+ rC++ Str+2 Stlth+}
   (You bought it in a shop on level 2 of the Dungeon)

   A truly terrible weapon, it drains the life of any living foe it strikes.
   Str:       It affects your strength (+2).
   rF:        It protects you from fire.
   rC:        It greatly protects you from cold.
   Fly:       It grants you flight.
   Stlth:     It makes you more stealthy.
   Elyvilon disapproves of the use of such an item.
Missiles
 d - 3 throwing nets (quivered)
 w - 4 atropa-tipped darts
 F - a curare-tipped dart
Armour
 c - a +0 hat (worn)
 h - a +0 scale mail (worn)
 C - a +0 cloak (worn)
Jewellery
 k - a +6 ring of dexterity (left hand)
 o - a ring of resist corrosion
 p - a ring of ice (right hand)
 A - an amulet of faith (around neck)
Wands
 v - a wand of iceblast (4)
 y - a wand of polymorph (9)
Scrolls
 b - a scroll of magic mapping {unknown}
 e - a scroll of silence {unknown}
 f - 6 scrolls of teleportation
 g - a scroll of torment {unknown}
 j - a scroll of fog {unknown}
 r - 2 scrolls of identify
 u - 3 scrolls of noise
 D - a scroll of enchant weapon {unknown}
Potions
 i - 2 potions of invisibility {unknown}
 l - 3 potions of might {unknown}
 q - a potion of lignification {unknown}
 t - 3 potions of degeneration
 x - a potion of berserk rage {unknown}
 z - 2 potions of haste {unknown}
 B - a potion of heal wounds {unknown}


   Skills:
 + Level 8.2 Fighting
 * Level 10.3(10.6) Axes
 - Level 4.0(7.7) Polearms
 - Level 2.0 Throwing
 - Level 2.1 Armour
 - Level 4.3 Dodging


You had 7 spell levels left.
You didn't know any spells.
Your spell library contained the following spells:

 Spells                   Type           Power      Damage    Failure   Level
 Apportation              Tloc           0%         N/A       83%         1
 Slow                     Hex            0%         N/A       93%         2
 Sublimation of Blood     Necr           0%         N/A       93%         2
 Confusing Touch          Hex            0%         N/A       99%         3
 Frozen Ramparts          Ice            0%         1d2       99%         3
 Vampiric Draining        Necr           0%         2d6       99%         3
 Ice Form                 Ice/Tmut       0%         N/A       100%        4
 Petrify                  Tmut/Erth      0%         N/A       100%        4
 Summon Ice Beast         Ice/Summ       0%         N/A       100%        4
 Alistair's Intoxication  Tmut/Pois      0%         N/A       100%        5
 Irradiate                Conj/Tmut      0%         3d13      100%        5
 Invisibility             Hex            0%         N/A       100%        6


Dungeon Overview and Level Annotations

Branches:
Dungeon (6/15)
 Temple: D:4-7

Altars:
Elyvilon
Makhleb
Ru
Xom

Shops:
D:2 *   D:3 [

Annotations:
D:6 1 runed translucent door, raph's ghost, novice DEEE


Innate Abilities, Weirdness & Mutations

You have a pair of horns on your head.
You reflexively headbutt those who attack you in melee.


Message History

You hit something but do no damage.
You feel sick. Something hits you but does no damage.
You miss something. Your headbutt misses something.
You feel sick. Something hits you. Something shocks you.
You miss something.
You feel sick. Something hits you. Something shocks you.
You hit something. You burn something. You headbutt something.
Reactivating autopickup.
You feel a bit more experienced.
You feel sick.
You feel sick.
You feel sick.
You are no longer poisoned.
A nine-headed hydra is nearby!
Okay, then.
Okay, then.
Okay, then.
You are healed.
The nine-headed hydra roars!
You see here a scorpion corpse.
You barely miss the nine-headed hydra. The nine-headed hydra bites you! x2
The nine-headed hydra bites you. The nine-headed hydra bites you!
The nine-headed hydra bites you.
* * * LOW HITPOINT WARNING * * *
The nine-headed hydra bites you but does no damage.
The nine-headed hydra bites you!
* * * LOW HITPOINT WARNING * * *
The nine-headed hydra bites you.
* * * LOW HITPOINT WARNING * * *
The nine-headed hydra bites you.
* * * LOW HITPOINT WARNING * * *
You lop one of the nine-headed hydra's heads off!
The flame cauterises the wound!
You slash the eight-headed hydra! You burn the eight-headed hydra.
The eight-headed hydra is lightly wounded.
Okay, then.
You hit the eight-headed hydra. You burn the eight-headed hydra.
The eight-headed hydra is moderately wounded.
The eight-headed hydra bites you! Elyvilon protects you from harm!
The eight-headed hydra bites you!
You die...

######...#.#########..### ##...#
...........(...........## ##.##
.##...... ................# #.#
.#...#.. .#.....#.....#...# #.##
.....#.###.#.###.#.###.#....##...
#...#.....#.....#.....#.....####
###....:#.....#.....#.....#...#
oO......#.###$#.###.#.###.#....##
#####...#.o...#.@D..# ..o..
##.....#..)..#.....# #...
##....#.###$#/###$# #...
##...#o....#..$..# #.D.
........#...O.#..... #
###......#.###.# ##. #
#...#...#.. o# # .....#...... s.
..Y #...###........O ....


You could see an eight-headed hydra.

Vanquished Creatures
  A shadow (D:6)
  2 sky beasts
  4 ogres
  A centaur (D:4)
  A kobold brigand (D:6)
  A bullfrog (D:6)
  6 scorpions
  2 howler monkeys (D:6)
  A gnoll shaman (D:6)
  3 hounds
  A bullfrog skeleton (D:6)
  An orc priest (D:4)
  A centaur skeleton (D:4)
  Terence (D:2)
  3 orc wizards
  A hound zombie (D:4)
  3 adders
  6 gnolls
  A shadow imp (D:6)
  A white imp (D:5)
  An ufetubus (D:6)
  2 worms
  3 dart slugs
  11 orcs
  8 ball pythons
  5 endoplasms
  4 giant cockroaches
  8 goblins
  5 hobgoblins
  4 jackals (D:1)
  6 quokkas
  4 bats
  6 frilled lizards
  8 kobolds
  7 rats
123 creatures vanquished.

Vanquished Creatures (others)
  9 fungi (D:6)
  5 toadstools (D:6)
14 creatures vanquished.

Grand Total: 137 creatures vanquished

Notes
Turn   | Place    | Note
-------+----------+-------------------------------------------
     0 | D:1      | Crownlay the Minotaur Gladiator began the quest for the
                  | Orb.
     0 | D:1      | Reached XP level 1. HP: 18/18 MP: 0/0
   162 | D:1      | Reached skill level 1 in Armour
   165 | D:1      | Reached XP level 2. HP: 22/25 MP: 1/1
   661 | D:1      | Reached XP level 3. HP: 31/31 MP: 2/2
  1300 | D:2      | Noticed Terence
  1311 | D:2      | Killed Terence
  1312 | D:2      | Reached XP level 4. HP: 21/38 MP: 3/3
  1591 | D:2      | Found a faded altar of an unknown god.
  1592 | D:2      | Found Buoparch's Assorted Antiques.
  1636 | D:2      | Became a worshipper of Elyvilon the Healer
  1636 | D:2      | Reached * piety under Elyvilon
  2058 | D:3      | Found Jing's Antique Armour Emporium.
  2347 | D:3      | Reached skill level 1 in Axes
  2365 | D:3      | Reached ** piety under Elyvilon
  2468 | D:3      | Reached skill level 2 in Axes
  2468 | D:3      | Reached XP level 5. HP: 45/46 MP: 4/4
  2732 | D:4      | Found a glowing drain.
  2773 | D:4      | Reached skill level 3 in Axes
  2994 | D:4      | Noticed a centaur
  3003 | D:4      | Killed a centaur
  3004 | D:4      | Reached skill level 4 in Axes
  3004 | D:4      | Reached XP level 6. HP: 17/55 MP: 5/5
  3281 | D:4      | Found a burning altar of Makhleb.
  3653 | D:5      | Entered Level 5 of the Dungeon
  3669 | D:5      | Reached skill level 5 in Fighting
  3723 | D:5      | Identified the +0 barding of Uge Qar {Regen+ rCorr Dex+4}
  3782 | D:5      | Reached *** piety under Elyvilon
  3799 | D:5      | Reached skill level 5 in Axes
  3879 | D:5      | Noticed a sky beast
  3894 | D:5      | Killed a sky beast
  3895 | D:5      | Reached skill level 6 in Axes
  3895 | D:5      | Reached XP level 7. HP: 18/62 MP: 6/6
  4462 | D:5      | Reached skill level 7 in Axes
  4827 | D:6      | Noticed an eight-headed hydra
  4870 | D:6      | Reached skill level 8 in Axes
  4870 | D:6      | Reached XP level 8. HP: 20/71 MP: 3/7
  4883 | D:6      | HP: 3/71 [scorpion (3)]
  4888 | D:6      | Found a runed translucent door.
  4888 | D:6      | Noticed raph's ghost (novice DEEE)
  5361 | D:6      | Found a shimmering altar of Xom.
  5362 | D:6      | Found a sacrificial altar of Ru.
  5473 | D:2      | Bought a bloodstained battleaxe for 276 gold pieces
  5473 | D:2      | Identified the +8 battleaxe of Gluttony {drain, Fly rF+
                  | rC++ Str+2 Stlth+} (You bought it in a shop on level 2 of
                  | the Dungeon)
  5720 | D:6      | Reached skill level 9 in Axes
  6132 | D:6      | Reached skill level 10 in Axes
  6284 | D:6      | Elyvilon protects you from harm!
  6284 | D:6      | Slain by an eight-headed hydra

Illustrated notes

Levels and vault maps discovered:
D:1:      lemuel_arrival_cross, layout_basic
D:2:      layout_rooms, serial_shops, shop,
          hellmonk_ecumenical_altar_pennies_from_heaven, uniq_terence
D:3:      minmay_skewed_foursquare, layout_basic, serial_shops, shop
D:4:      layout_layer_cave, bloody_makhleb, gup_sewer_entry_pipe, st_stairs_13
D:5:      layout_loops_cross
D:6:      hangedman_cross_stitches, layout_loops_corners, jmf_multi_god_temple,
          serial_glass, glass_columns_c, glass_columns_a, glass_columns_b,
          ebering_ghost_sewer_d, minmay_gold_behind_fungi

Skill      XL: |  1  2  3  4  5  6  7  8 |
---------------+-------------------------+-----
Armour         | 1 2 |  2.1
Fighting       | 3 4 5 6 8 |  8.2
Polearms       | 4 |  4.0
Dodging        | 4 |  4.3
Axes           | 2 4 6 8 10 | 10.3
Throwing       | |  2.0

Action                   |  1- 3 |  4- 6 |  7- 9 || total
-------------------------+-------+-------+-------++-------
Melee: Trident           |    88 |     3 |       ||    91
       Headbutt          |     9 |    26 |    30 ||    65
       Hand axe          |       |   117 |   115 ||   232
Throw: Throwing net      |       |     1 |       ||     1
Invok: Lesser Healing    |       |       |     5 ||     5
       Purification      |       |       |     2 ||     2
  Use: Scroll            |       |     2 |     9 ||    11
       Potion            |       |       |     3 ||     3
Armor: Leather armour    |     9 |       |       ||     9
       Scale mail        |    18 |    43 |    31 ||    92
Dodge: Dodged            |    44 |    65 |    68 ||   177
